 Dungeon Crawl Stone Soup version 0.29-a0-887-gcbe080d7e0 (webtiles) character file.

Game seed: 9744534304882537924

77 zeratav the Stinger (level 4, -9/27 HPs)
             Began as an Octopode Venom Mage on July 21, 2022.
             Mangled by an orc
             ... wielding a +0 flail
              (10 damage)
             ... on level 3 of the Dungeon.
             The game lasted 00:02:01 (3079 turns).

zeratav the Stinger (Octopode Venom Mage)           Turns: 3079, Time: 00:02:02

Health: -9/27      AC:  1    Str:  7    XL:     4   Next: 34%
Magic:  5/7        EV: 13    Int: 19    God:
Gold:   110        SH:  0    Dex: 12    Spells: 4/7 levels left

rFire   . . .      SeeInvis .   c - +0 spear {polearm}
rCold   . . .      Faith    .   (no shield)
rNeg    . . .      Spirit   .   (helmet restricted)
rPois   .          Reflect  .   (no amulet)
rElec   .          Harm     .   (no ring)
rCorr   .          Rampage  .   (no ring)
Will    .....                   (no ring)
Stlth   ++++......              (no ring)
HPRegen 0.09/turn               (no ring)
MPRegen 0.10/turn               (no ring)
                                (no ring)
                                (no ring)

@: no status effects
A: almost no armour, amphibious, 8 rings, camouflage 1, gelatinous body 1,
(nimble swimmer 1), tentacles
a: no special abilities


You were on level 3 of the Dungeon.
You visited 1 branch of the dungeon, and saw 3 of its levels.

You collected 110 gold pieces.


Innate Abilities, Weirdness & Mutations

You cannot wear most types of armour.
You are amphibious.
You can wear up to eight rings at the same time.
Your skin changes colour to match your surroundings (Stealth+).
Your rubbery body absorbs attacks. (AC +1, EV +1)
((You are camouflaged when in or above water. (Stealth+)))
You have tentacles for arms and can constrict up to eight enemies at once.


   Skills:
 - Level 2.0 Dodging
 + Level 4.9 Stealth
 - Level 2.0 Spellcasting
 - Level 1.0 Transmutations
 + Level 5.0 Poison Magic


You had 4 spell levels left.
You knew the following spells:

 Your Spells              Type           Power      Damage    Failure   Level
a - Sting                 Tmut/Pois      52%        1d5       4%          1
b - Poisonous Vapours     Pois/Air       22%        N/A       9%          2

Your spell library contained the following spells:

 Spells                   Type           Power      Damage    Failure   Level
 Olgreb's Toxic Radiance  Pois           20%        N/A       22%         4
 Mephitic Cloud           Conj/Pois/Air  8%         N/A       26%         3

Inventory:

Hand Weapons
 c - a +0 spear (weapon) {polearm}
   (You took it off a gnoll on level 1 of the Dungeon)
Scrolls
 d - a scroll of poison {unknown}
 f - a scroll of teleportation {unknown}
 g - a scroll of identify {unknown}
 h - a scroll of blinking {unknown}
 j - a scroll of fog {unknown}
 k - a scroll of enchant armour {unknown}
Potions
 a - a potion of magic
 b - a potion of might {unknown}
 e - a potion of invisibility
 i - a potion of berserk rage {unknown}

Dungeon Overview and Level Annotations

Branches:
Dungeon (3/15) Zot: 14910

Altars:

.............r. ..
....$.......... ..
.................. ..
................ ...
.##..g.....#....####...
..g........+.!..##.>... ..
#........#....##..... ...
#)...##....##.....
....#####@#####....##...##
.........o................
..........................
.##................#.[....
#................#......
##...............#....##
#........(......#....#
#........##....##....#
#..............##.####


You could see an orc and a goblin (wandering).


Message History

There is an open door here.
The giant cockroach barely misses you.
You hit the giant cockroach.
You kill the giant cockroach!
You reach to attack!
The helpless ball python fails to defend itself.
You hit the ball python.
You kill the ball python!
No target in view!
No target in view!
No target in view!
No target in view!
No target in view!
No target in view!
No target in view!
No target in view!
No target in view!
No target in view!
No target in view!
No target in view!
No target in view!
No target in view!
No target in view!
No target in view!
No target in view!
No target in view!
You see here a ball python corpse.
There is an open door here.
You see here a ball python corpse.
There is an open door here.
Found an escape hatch in the floor.
You see here a +0 robe.
A hobgoblin comes into view.
A hobgoblin is nearby!
An orc comes into view. It is wielding a +0 club.
You reach to attack!
The helpless hobgoblin fails to defend itself.
You hit the hobgoblin.
You kill the hobgoblin!
Your Poison Magic skill increases to level 5!
An orc comes into view. It is wielding a +0 short sword.
The orc moves out of view.
An orc comes into view. It is wielding a +0 flail.
The orc shouts! x3; You hear a shout!
You hit the orc. Your grab misses the orc.
The orc hits you with a +0 short sword.
HP[-1]
You take 1 damage, and now have 26/27 hp.
You hit the orc. Your grab misses the orc.
The orc hits you with a +0 short sword.
HP[-3]
You take 3 damage, and now have 23/27 hp.
You closely miss the orc. Your grab misses the orc.
The orc hits you with a +0 short sword. The orc misses you.
HP[-5]
You take 5 damage, and now have 18/27 hp.
There are monsters nearby!
The orc attacks as you move away! The orc barely misses you.
A quokka comes into view.
Casting: Sting (safe; 4% risk of failure)
Confirm with . or Enter, or press ? or * to list all spells.
Aiming: Sting (safe; 4% risk of failure)
Press: ? - help, Shift-Dir - straight line, f - orc
Aim: an orc, wielding a +0 club (71% to hit)
The sting hits the orc.
The orc is poisoned.
MP[-1]
You lost 1 mp, and now have 6/7 mp.
Casting: Sting (safe; 4% risk of failure)
Confirm with . or Enter, or press ? or * to list all spells.
Aiming: Sting (safe; 4% risk of failure)
Press: ? - help, Shift-Dir - straight line, f/p - orc
Aim: an orc, wielding a +0 club (severely wounded, poisoned, 71% to hit)
The sting hits the orc.
The orc looks even sicker.
You kill the orc!
The orc drinks a potion.
The orc flickers and vanishes!
Deactivating autopickup; reactivate with Ctrl-A.
The orc hits you with a +0 short sword.
HP[-2] MP[-1]
You take 2 damage, and now have 16/27 hp.
You lost 1 mp, and now have 5/7 mp.
No previous command to re-do.
No previous command to re-do.
No previous command to re-do.
You barely miss the orc. Your grab misses the orc. You miss something.
You squeeze something.
A goblin comes into view. It is wielding a +0 dagger.
You closely miss something. Something hits you.
* * * LOW HITPOINT WARNING * * *
The orc hits you with a +0 short sword.
* * * LOW HITPOINT WARNING * * *
HP[-12]
You take 12 damage, and now have 4/27 hp.
MASSIVE DAMAGE!! (PAUSE)
You closely miss the orc. Your grab misses the orc.
The orc hits you but does no damage. Something hits you.
* * * LOW HITPOINT WARNING * * *
The orc barely misses you. Something hits you!
You die...

Skill      XL: |  1  2  3  4 |
---------------+-------------+-----
Stealth        | 3 4 |  4.9
Poison Magic   | 4 5 |  5.0
Dodging        | |  2.0
Spellcasting   | |  2.0
Transmutations | |  1.0

Action                   |  1- 3 |  4- 6 || total
-------------------------+-------+-------++-------
Melee: Constrict         |    10 |     8 ||    18
       Unarmed           |     1 |       ||     1
       Spear             |    58 |    45 ||   103
       Tentacles         |    10 |     5 ||    15
 Cast: Sting             |    10 |     3 ||    13
 Stab: Sleeping          |    10 |     6 ||    16
Armor: Skin              |     5 |     2 ||     7
Dodge: Dodged            |    28 |    21 ||    49

Levels and vault maps discovered:
D:1:      dpeg_arrival_rhombi, layout_loops_corners
D:2:      minmay_alternating_diamond, layout_rooms
D:3:      layout_basic, nicolae_overflow_two_pavilions,
          shapermc_ecumenical_altar_starsandcircs, kennysheep_generic_room_11

Notes
Turn   | Place    | Note
-------+----------+-------------------------------------------
     0 | D:1      | zeratav the Octopode Venom Mage began the quest for the
                  | Orb.
     0 | D:1      | Reached XP level 1. HP: 11/11 MP: 3/3
     0 | D:1      | magus.rc [v1.9.6]
   407 | D:1      | Reached skill level 3 in Stealth
   407 | D:1      | Reached skill level 4 in Poison Magic
   407 | D:1      | Reached XP level 2. HP: 6/17 MP: 0/5
  1573 | D:2      | HP: 4/17 [rat (2)]
  1575 | D:2      | Reached XP level 3. HP: 6/21 MP: 6/6
  1776 | D:2      | Reached skill level 4 in Stealth
  2126 | D:2      | Reached XP level 4. HP: 10/27 MP: 3/7
  2129 | D:2      | HP: 6/27 [poisoned by an adder]
  2923 | D:3      | Learned a level 2 spell: Poisonous Vapours
  3061 | D:3      | Reached skill level 5 in Poison Magic
  3078 | D:3      | HP: 4/27 [orc/+0 short sword (6)]
  3079 | D:3      | HP: 1/27 [something (3)]
  3079 | D:3      | Mangled by an orc

Vanquished Creatures
  A gnoll (D:1)
  2 adders (D:2)
  A dart slug (D:2)
  An orc (D:3)
  6 bats
  4 endoplasms
  3 giant cockroaches
  5 goblins (D:2)
  7 hobgoblins
  A quokka (D:2)
  3 ball pythons
  A frilled lizard (D:2)
  4 kobolds
  4 rats (D:2)
43 creatures vanquished.

Table legend:
 A = Non-vault XP
 B = Vault XP
 C = Vault XP percentage of total XP
 D = Non-vault monster count
 E = Vault monster count
 F = Vault count percentage of total count
                 A         B        C        D         E       F
            +---------+---------+-------+---------+---------+-------
      Total |     101 |      10 |   9.0 |      36 |       7 |  16.3
            +---------+---------+-------+---------+---------+-------
        D:1 |      26 |       0 |   0.0 |       7 |       0 |   0.0
        D:2 |      65 |       7 |   9.7 |      24 |       5 |  17.2
        D:3 |      10 |       3 |  23.1 |       5 |       2 |  28.6
            +---------+---------+-------+---------+---------+-------

Illustrated notes

Table legend:
 A = Kills in this place as a percentage of kills in entire the game.
 B = Kills by you in this place as a percentage of kills by you in the entire game.
 C = Kills by friends in this place as a percentage of kills by friends in the entire game.
 D = Other kills in this place as a percentage of other kills in the entire game.
 E = Experience gained in this place as a percentage of experience gained in the entire game.
 F = Experience gained in this place divided by the number of levels of this place that you have seen.
                   A       B       C       D       E      F
               +-------+-------+-------+-------+-------+----------------------
         Total | 100.0 | 100.0 |   N/A |   N/A | 100.0 |  37.0
       Dungeon | 100.0 | 100.0 |   N/A |   N/A | 100.0 |  37.0
               +-------+-------+-------+-------+-------+----------------------

Table legend: (Time is in decaauts)
 A = Elapsed time spent in this place.
 B = Non-inter-level travel time spent in this place.
 C = Inter-level travel time spent in this place.
 D = Time resting spent in this place.
 E = Time spent auto-exploring this place.
 F = Levels seen in this place.
 G = Mean time per level.
                   A        B        C        D        E       F      G
               +--------+--------+--------+--------+--------+-----+--------+
         Total |   3088 |   3021 |     67 |    197 |   2542 |   3 | 1029.3 |
       Dungeon |   3088 |   3021 |     67 |    197 |   2542 |   3 | 1029.3 |
               +--------+--------+--------+--------+--------+-----+--------+

Top non-repeatable levels by time:
     D:1: 1501 daAuts
     D:2: 1425 daAuts
     D:3: 161 daAuts
